 Dungeon Crawl Stone Soup version 0.21-a0-81-gc5150db (webtiles) character file.

513 HAL9000 the Cutter (level 7, -5/34 HPs)
             Began as a Vine Stalker Assassin on June 23, 2017.
             Slain by a centaur (6 damage)
             ... on level 6 of the Dungeon.
             The game lasted 00:09:22 (4343 turns).

HAL9000 the Cutter (Vine Stalker Assassin)          Turns: 4343, Time: 00:09:24

Health: -5/34      AC:  3    Str: 16    XL:     7   Next: 20%
Magic:  0/8        EV: 11    Int: 11    God:
Gold:   239        SH:  0    Dex: 15    Spells: 6/6 levels left

rFire    + . .     SeeInvis .   k - +2 dagger (venom)
rCold    . . .     Gourm    .   (no shield)
rNeg     . . .     Faith    .   c - +0 robe
rPois    .         Spirit   +   (no helmet)
rElec    .         Reflect  .   d - +0 cloak
rCorr    .         Harm     .   (no gloves)
MR       .....                  (no boots)
Stlth    ++........             (no amulet)
HPRegen  0.51/turn              A - ring of protection from fire
MPRegen  0.11/turn              F - ring of loudness (curse)

@: no status effects
A: fangs 2, regeneration 1, magic shield, antimagic bite, no potion heal 3, rot
immunity
a: no special abilities


You were on level 6 of the Dungeon.
You were not hungry.

You visited 1 branch of the dungeon, and saw 6 of its levels.

You collected 239 gold pieces.

Inventory:

Hand Weapons
 b - a +0 blowgun
 k - a +2 dagger of venom (weapon)
Missiles
 e - 23 poisoned needles
 f - 2 curare-tipped needles
 x - 2 throwing nets (quivered)
Armour
 c - a +0 robe (worn)
 d - a +0 cloak (worn)
Jewellery
 A - a ring of protection from fire (left hand)
 F - a cursed ring of loudness (right hand)
Scrolls
 w - a scroll of magic mapping {unknown}
 y - a scroll of remove curse
 z - a scroll of fog {unknown}
 D - a scroll of immolation {unknown}
 E - a scroll of enchant weapon {unknown}
 G - a scroll of recharging
 I - a scroll of teleportation
 J - a scroll of identify
Potions
 n - 3 potions of haste
 q - a potion of berserk rage
 r - a potion of flight {unknown}
 v - a potion of agility {unknown}
 B - a potion of heal wounds {unknown}
Comestibles
 g - 4 bread rations
 i - 3 royal jellies
 t - 6 meat rations
 K - a chunk of flesh


   Skills:
 - Level 1.7 Fighting
 + Level 7.0 Short Blades
 - Level 1.7 Throwing
 - Level 0.7 Dodging
 - Level 4.8 Stealth


You had 6 spell levels left.
You didn't know any spells.

Dungeon Overview and Level Annotations

Branches:
Dungeon (6/15)             Temple (0/1) D:5

Altars:
Cheibriados
Nemelex Xobeh
Wu Jian

Shops:
D:4 (

Annotations:
D:3 KristoblXynda's ghost, weakling DsGl


Innate Abilities, Weirdness & Mutations

You have extremely sharp teeth.
Your natural rate of healing is unusually fast.
When hurt, damage is shared between your health and your magic reserves.
Your bite disrupts and absorbs the magic of your enemies.
Potions cannot restore your health.
You are immune to rotting.


Message History

Your bite misses the centaur.
The centaur is moderately wounded.
The centaur hits you.
You hit the centaur but do no damage.
The centaur is heavily wounded.
The centaur hits you.
* * * LOW HITPOINT WARNING * * *
You hit the centaur. You bite the centaur, but do no damage.
The centaur is heavily wounded.
The centaur hits you.
* * * LOW HITPOINT WARNING * * *
You hit the centaur. Your bite misses the centaur.
The centaur is severely wounded.
The centaur hits you.
* * * LOW HITPOINT WARNING * * *
You hit the centaur.
The centaur looks as sick as possible!
Your bite misses the centaur.
The centaur is almost dead.
The centaur hits you!
You die...

#........#.#...#.#
+.................
#........#.#.#.#.
#........#÷#.#.#
#........#..<..#
#......†.####### ##
.............. ..
#.......##########.###
+.......'.<...((@c...#
#.......##########+###
#.####### .. .


You could see a centaur.

Vanquished Creatures
  A scorpion (D:3)
  A crimson imp (D:4)
  A hound (D:5)
  An orc priest (D:4)
  2 jellies (D:5)
  2 orc wizards (D:4)
  An iguana (D:4)
  A worker ant (D:4)
  A hound zombie (D:5)
  A hound skeleton (D:4)
  A worker ant zombie (D:6)
  A gnoll (D:1)
  A howler monkey skeleton (D:5)
  4 adders
  A shadow imp (D:5)
  2 oozes
  2 worms
  A dart slug (D:4)
  2 leopard geckos
  3 orcs
  8 giant cockroaches
  6 goblins
  6 hobgoblins
  14 jackals
  A quokka (D:4)
  2 ball pythons (D:3)
  7 bats
  3 frilled lizards
  5 kobolds
  A leopard gecko skeleton (D:4)
  A leopard gecko zombie (D:3)
  A quokka zombie (D:5)
  7 rats
92 creatures vanquished.

Notes
Turn   | Place    | Note
-------+----------+-------------------------------------------
     0 | D:1      | HAL9000 the Vine Stalker Assassin began the quest for the Orb.
     0 | D:1      | Reached XP level 1. HP: 11/11 MP: 2/2
   140 | D:1      | Reached skill level 2 in Short Blades
   314 | D:1      | Reached XP level 2. HP: 8/15 MP: 1/3
   381 | D:1      | Reached skill level 3 in Short Blades
   435 | D:1      | Reached XP level 3. HP: 3/18 MP: 1/4
  1239 | D:2      | Gained mutation: Your natural rate of healing is unusually fast. [Vine Stalker growth]
  1239 | D:2      | Reached XP level 4. HP: 16/23 MP: 5/5
  1326 | D:2      | Found a sparkling altar of Nemelex Xobeh.
  1507 | D:2      | Reached skill level 4 in Short Blades
  1709 | D:3      | Reached XP level 5. HP: 26/26 MP: 6/6
  2032 | D:3      | Noticed KristoblXynda's ghost (weakling DsGl)
  2573 | D:4      | Reached skill level 5 in Short Blades
  2622 | D:4      | Reached XP level 6. HP: 30/30 MP: 7/7
  2662 | D:4      | Reached skill level 6 in Short Blades
  3191 | D:4      | Found Darhy's Antique Weapon Emporium.
  3235 | D:4      | Found an ornate altar of the Wu Jian Council.
  3304 | D:4      | Found a snail-covered altar of Cheibriados.
  3407 | D:5      | Entered Level 5 of the Dungeon
  3793 | D:5      | Reached XP level 7. HP: 34/34 MP: 8/8
  4027 | D:5      | Found a staircase to the Ecumenical Temple.
  4310 | D:6      | Reached skill level 7 in Short Blades
  4342 | D:6      | HP: 1/34 [centaur (4)]
  4343 | D:6      | Slain by a centaur

Vault maps used:
D:1:      lightli_arrival_boilingwater
D:2:      nemelex_dance_club_becter
D:3:      first_bread, minivault_25, grunt_ministairs_7
D:4:      kennysheep_little_box, kennysheep_mini_moat, serial_shops, shop
D:5:      minmay_temple_entry_enclosed_plants
D:6:      minitemple, uniq_eustachio, uniq_pikel

Skill      XL: |  1  2  3  4  5  6  7 |
---------------+----------------------+-----
Short Blades   | 2 3 4 5 6 7 |  7.0
Fighting       | |  1.7
Throwing       | |  1.7
Dodging        | |  0.7
Stealth        | |  4.8

Action                   |  1- 3 |  4- 6 |  7- 9 || total
-------------------------+-------+-------+-------++-------
Melee: Dagger            |    78 |   148 |    44 ||   270
       Bite              |    19 |    42 |    13 ||    74
  Use: Scroll            |     6 |     3 |       ||     9
 Stab: Sleeping          |     6 |    14 |     1 ||    21
  Eat: Chunk             |     1 |     8 |     2 ||    11
Armor: Robe              |    15 |    26 |     9 ||    50
Dodge: Dodged            |    49 |    55 |    19 ||   123
